Map: Eternal Empire LE

Players

DirtyJack - Winner!

  • Race: Zerg Zerg
  • League: Diamond
  • Spawn Location: 1:00

prospeKt

  • Race: Zerg Zerg
  • League: Platinum
  • Spawn Location: 7:00

VOD

Have the link to the VOD?

Description

Time

  • Played on: June 11, 2020, 8:23 a.m.
  • Length: 3:11
Show
View Real Time Build Order
Export as new Build Order

DirtyJack Zerg - Winner!

Build Orders: Hatch First 

Get SALT Encoding   

  12  0:02  Drone  
  13  0:13  Overlord  
  13  0:17  Drone  
  14  0:32  Drone x2  
  16  0:36  Drone  
  17  0:53  Hatchery  
  17  0:56  Drone  
  17  1:04  Extractor  
  16  1:12  Spawning Pool  
  16  1:15  Drone  
  16  1:20  Drone  
  16  1:23  Drone  
  18  1:34  Drone  
  19  1:49  Drone  
  19  1:53  Overlord  
  20  2:04  Queen  
  20  2:07  Zergling x2  
  23  2:09  Drone  
  23  2:11  Queen  
  26  2:23  Drone x3  
  29  2:30  Drone  
  30  2:38  Drone x2  
  34  2:51  Drone x2  
Show
View Real Time Build Order
Export as new Build Order

prospeKt Zerg 

Build Orders: Hatch First 

Get SALT Encoding   

  12  0:01  Drone  
  13  0:12  Overlord  
  13  0:18  Drone  
  14  0:30  Drone x2  
  14  0:34  Drone  
  17  0:45  Drone  
  18  1:00  Drone  
  18  1:02  Hatchery  
  18  1:14  Spawning Pool  
  18  1:16  Drone  
  18  1:26  Drone  
  18  1:28  Drone  
  20  1:38  Extractor  
  19  1:42  Drone  
  20  1:49  Overlord  
  20  2:01  Drone  
  21  2:12  Zergling x2  
  21  2:14  Zergling x2, Queen x2  
  27  2:26  Drone x2  
  29  2:34  Drone  
  30  2:38  Drone  
  32  2:44  Drone  
  32  2:48  Overlord  
  32  2:54  Drone  
Tags
 
Add a new tag
Caveats
  • Supply blocks, unpowered buildings, or Contaminate may cause inaccurate times.
  • Supply counts are checked every 10 seconds.